 Dungeon Crawl Stone Soup version 0.31.0-4-g52a2dc7128 (webtiles) character file.

Game seed: 116612137702057449

46 howech the Chopper (level 3, -5/49 HPs)
             Began as a Minotaur Berserker on Jan 22, 2024.
             Was a Believer of Trog.
             Slain by a gnoll
             ... wielding a +1 flail of holy wrath
              (7 damage)
             ... on level 2 of the Dungeon.
             The game lasted 00:01:35 (671 turns).

howech the Chopper (Minotaur Berserker)              Turns: 671, Time: 00:01:36

Health: -5/49      AC:  2    Str: 21    XL:     3   Next: 44%
Magic:  2/2        EV: 12    Int:  6    God:    Trog [**....]
Gold:   39         SH:  0    Dex:  9    Spells: 2/2 levels left

rFire   . . .        a - +0 hand axe
rCold   . . .        (no shield)
rNeg    . . .        b - +0 animal skin
rPois   .            (helmet restricted)
rElec   .            (no cloak)
rCorr   .            (no gloves)
SInv    .            (no boots)
Will    .....        (no amulet) Stlth
                     (no ring)
HPRegen 0.28/turn    (no ring)
MPRegen 0.08/turn

%: no passive effects
@: berserking (expiring), very quick
A: horns 2, retaliatory headbutt
a: Renounce Religion, Berserk, Trog's Hand


You were on level 2 of the Dungeon.
You worshipped Trog.
Trog was pleased with you.
You visited 1 branch of the dungeon, and saw 2 of its levels.

You collected 39 gold pieces.

Inventory:

Hand Weapons
 a - a +0 hand axe (weapon)
Armour
 b - a +0 animal skin (worn)
Scrolls
 f - a scroll of identify {unknown}
 h - a scroll of acquirement {unknown}
 i - 2 scrolls of enchant weapon {unknown}
Potions
 c - 2 potions of curing {unknown}
 d - a potion of heal wounds {unknown}
 e - a potion of might {unknown}
 g - a potion of enlightenment {unknown}


   Skills:
 + Level 3.8 Fighting
 * Level 4.3 Axes
 + Level 0.9 Throwing
 + Level 2.7 Armour
 + Level 2.5 Dodging
 + Level 0.9 Shields
 + Level 0.6 Evocations


You had 2 spell levels left.
You didn't know any spells.
Your spell library was empty.

Dungeon Overview and Level Annotations

Branches:
Dungeon (2/15)

Altars:


Innate Abilities, Weirdness & Mutations

You have a pair of horns on your head.
You reflexively headbutt those who attack you in melee.


Message History

Trog accepts your kill. The bat hits you. The gnoll closely misses you.
You have reached level 3!
Your experience leads to an increase in your attributes!
Increase (S)trength, (I)ntelligence, or (D)exterity?
You feel clever. x2
A red film seems to cover your vision as you go berserk!
You feel yourself moving faster!
You feel mighty! The gnoll barely misses you.
The bat hits you but does no damage.
Unknown command.
You barely miss the bat. The bat hits you but does no damage. x2
The gnoll hits you from afar with a +0 halberd!
Found a pair of boots.
The bat misses you. You furiously retaliate!
You headbutt the bat!
You kill the bat!
Trog accepts your kill. The gnoll hits you with a +0 halberd!
* * * LOW HITPOINT WARNING * * *
The ball python bites you.
* * * LOW HITPOINT WARNING * * *
The ball python grabs you. The ball python constricts you.
* * * LOW HITPOINT WARNING * * *
Things that are here:
10 gold pieces; a +0 flail; a +0 robe You slash the gnoll!
You kill the gnoll!
Trog accepts your kill.
You barely miss the ball python. The ball python barely misses you.
The ball python constricts you.
* * * LOW HITPOINT WARNING * * *
You escape the ball python's grasp.
You see here a +0 halberd.
You slash the ball python!
You kill the ball python!
Trog accepts your kill.
You barely miss the gnoll. You headbutt the gnoll.
The gnoll is lightly wounded.
You hit the gnoll. The gnoll misses you.
The gnoll hits you with a +1 flail of holy wrath!
You die...

#.#.##....# #...##....#
### ##..#####'##
#######.# #.>.# #.#
........# ##..######.#
........#.##..........#
........#<...########.##
..<.....####.########...
.......@$...............
......gg####.########.##
......... .... #.#
........## #.##.# #)#
........# ... ## #.#
.[...##.# ..# #.##.#
####. ..# ..# #....+ #.
..# .##.##.##.#
.....##.#


You could see 2 gnolls.

Vanquished Creatures
  2 gnolls (D:2)
  A dart slug (D:1)
  2 ball pythons
  An endoplasm (D:1)
  A giant cockroach (D:1)
  3 hobgoblins (D:1)
  2 quokkas (D:1)
  3 bats
  A frilled lizard (D:1)
  4 kobolds
  5 rats (D:1)
25 creatures vanquished.

Notes
Turn   | Place    | Note
-------+----------+-------------------------------------------
     0 | D:1      | howech the Minotaur Berserker began the quest for the Orb.
     0 | D:1      | Reached XP level 1. HP: 19/19 MP: 0/0
    99 | D:1      | Reached XP level 2. HP: 16/27 MP: 1/1
   327 | D:1      | Reached skill level 4 in Axes
   597 | D:2      | Reached ** piety under Trog
   665 | D:2      | Reached XP level 3. HP: 19/33 MP: 2/2
   667 | D:2      | HP: 2/49 [constriction (1)]
   671 | D:2      | Slain by a gnoll

Illustrated notes

Levels and vault maps discovered:
D:1:      ncdulo_watergridlock, layout_basic
D:2:      layout_basic, serial_shops, nicolae_shop_window_shopping,
          shapermc_ecumenical_altar_mp_vishouse

Skill      XL: |  1  2 |
---------------+-------+-----
Axes           | 4 |  4.3
Fighting       | |  3.8
Throwing       | |  0.9
Armour         | |  2.7
Dodging        | |  2.5
Shields        | |  0.9
Evocations     | |  0.6

Action                     || total
---------------------------++-------
  Melee: Hand axe          ||    52
         Headbutt          ||     2
 Invoke: Berserk           ||     1
 Armour: Animal skin       ||    34
  Dodge: Dodged            ||    36
